 Dungeon Crawl Stone Soup version 0.23.0-3-gf3c87f2 (webtiles) character file.

Game seed: 5847497407306945480

60 dengdeng the Chopper (level 3, -11/51 HPs)
             Began as a Minotaur Berserker on Feb 23, 2019.
             Was a Believer of Trog.
             Mangled by Sigmund
             ... wielding a +3 scythe of venom
              (14 damage)
             ... on level 2 of the Dungeon.
             The game lasted 00:05:06 (1846 turns).

dengdeng the Chopper (Minotaur Berserker)           Turns: 1846, Time: 00:05:07

Health: -11/51     AC:  5    Str: 27    XL:     3   Next: 82%
Magic:  2/2        EV: 11    Int:  4    God:    Trog [**....]
Gold:   96         SH:  0    Dex:  9    Spells: 2/2 levels left

rFire    . . .     SeeInvis .   a - +0 hand axe
rCold    . . .     Gourm    .   (no shield)
rNeg     . . .     Faith    .   j - +0 ring mail
rPois    .         Spirit   .   (helmet restricted)
rElec    .         Reflect  .   (no cloak)
rCorr    .         Harm     .   (no gloves)
MR       .....                  (no boots)
Stlth    ..........             (no amulet)
HPRegen  0.17/turn              (no ring)
MPRegen  0.08/turn              (no ring)

@: berserking, lethally poisoned (-11 -> -29), very quick
A: retaliatory headbutt, horns 2
a: Berserk, Trog's Hand, Renounce Religion


You were on level 2 of the Dungeon.
You worshipped Trog.
Trog was pleased with you.
You were hungry.

You visited 1 branch of the dungeon, and saw 2 of its levels.

You collected 96 gold pieces.

Inventory:

Hand Weapons
 a - a +0 hand axe (weapon)
Missiles
 g - 39 stones (quivered)
Armour
 j - a +0 ring mail (worn)
Scrolls
 b - a scroll of magic mapping {unknown}
 e - 4 scrolls of identify {unknown}
 f - a scroll of teleportation {unknown}
 i - a scroll of remove curse {unknown}
Potions
 h - a potion of lignification {unknown}
Comestibles
 c - 4 rations


   Skills:
 + Level 4.4 Fighting
 + Level 4.6 Axes
 * Level 3.0 Armour
 + Level 2.4 Dodging
 + Level 0.1 Stealth


You had 2 spell levels left.
You didn't know any spells.
Your spell library was empty.

Dungeon Overview and Level Annotations

Branches:
Dungeon (2/15)

Altars:

Annotations:
D:2 Sigmund


Innate Abilities, Weirdness & Mutations

You reflexively headbutt those who attack you in melee.
You have a pair of horns on your head.


Message History

Sigmund casts a spell at you. The magic dart hits you!
You closely miss Sigmund. Your headbutt misses Sigmund.
Sigmund is almost dead.
You feel sick.
Sigmund hits you with a +3 scythe of venom.
* * * LOW HITPOINT WARNING * * *
You are more poisoned.
Unknown command.
You barely miss Sigmund. Your headbutt misses Sigmund.
Sigmund is almost dead.
* * * LOW HITPOINT WARNING * * *
You feel very sick.
A red film seems to cover your vision as you go berserk!
You feel yourself moving faster!
You feel mighty!
You are feeling hungry.
* * * LOW HITPOINT WARNING * * *
You feel sick.
Sigmund hits you with a +3 scythe of venom!
You die...

#.#######........#....#
#..... #.#
#........#....# #.....
#.#
#........#....######.....
#.#
#...############.........
#.#######...####
#.........
#..............#
#.........
########....##.#
#......#..
#.#####.#######
#......#.. #.# #.?@@...#
#......#.. #^# #.......#
########.. ...
..........# #..
..?####.......# #.. ....
#.......# #.. ....#
##......# #.. #......# ..
#....... ##


You could see Sigmund.

Vanquished Creatures
  An adder (D:2)
  An ooze (D:2)
  A worm (D:2)
  A dart slug (D:1)
  2 leopard geckos (D:1)
  4 bats
  5 giant cockroaches
  8 goblins
  A hobgoblin (D:1)
  2 ball pythons
  4 frilled lizards (D:1)
  2 kobolds
  9 rats
41 creatures vanquished.

Notes
Turn   | Place    | Note
-------+----------+-------------------------------------------
     0 | D:1      | dengdeng the Minotaur Berserker began the quest for the
                  | Orb.
     0 | D:1      | Reached XP level 1. HP: 19/19 MP: 0/0
   396 | D:1      | Reached XP level 2. HP: 25/27 MP: 1/1
   821 | D:1      | Reached XP level 3. HP: 33/33 MP: 2/2
  1381 | D:2      | Reached ** piety under Trog
  1833 | D:2      | Noticed Sigmund
  1846 | D:2      | Mangled by Sigmund

Skill      XL: |  1  2  3 |
---------------+----------+-----
Fighting       | 4 |  4.4
Axes           | 4 |  4.6
Armour         | 3 |  3.0
Dodging        | |  2.4
Stealth        | |  0.1

Action                   || total
-------------------------++-------
Melee: Hand axe          ||    90
       Headbutt          ||    14
Invok: Berserk           ||     1
  Eat: Chunk             ||     3
Armor: Animal skin       ||    12
       Ring mail         ||     4
Dodge: Dodged            ||    56
